[ AOE2 MATCH · #494844280 ]
UnrankedKoreans vs Hindustanis
Player's team · LOSS
[ REPLAY ANALYSIS · EXTRACTED FROM THE RECORDED GAME ]
Feudal
9:47
Castle
24:06
Imperial
40:39
| APM avg | 26.2 |
| APM peak | 59 |
| eAPM avg | 14.8 |
| Villagers / military | 91 / 122 |
Focus
⚔️ 36.9% · 🌾 63.1%
Militia ×44 · Spearman ×38 · Skirmisher ×20 · Scorpion ×7 · Battering Ram ×7 · Archer ×5
Feudal
11:01
Castle
22:17
Imperial
44:01
| APM avg | 57.3 |
| APM peak | 121 |
| eAPM avg | 25.9 |
| Villagers / military | 113 / 147 |
Focus
⚔️ 24.7% · 🌾 75.3%
Militia ×52 · Scout Cavalry ×37 · Ghulam ×32 · Skirmisher ×15 · Archer ×4 · Trebuchet (Packed) ×4
Match map
Initial resources + every placement click. Lines = walls · curves = elevation contours. ◆ gold · ⬟ stone · ● berries · ✦ relic · ◌ wall gap
Your base· Open — opponent sealed themselves in
OhRey's base· ✓ Closed at 22:17 · 51t walls · no gate
Smoothed initial terrain · ◌ = detected wall gap · hover for details
Inputs per minute
— Disagri - - OhRey
Build order — Disagri
First 150 of 251 actions detected
| 0:00 | Create | Villager (Male) |
| 0:01 | Create | Villager (Male) |
| 0:02 | Build | House |
| 0:03 | Build | House |
| 0:54 | Create | Villager (Male) |
| 0:54 | Create | Villager (Male) |
| 1:18 | Research | Loom |
| 1:19 | Create | Villager (Male) |
| 2:04 | Create | Villager (Male) |
| 2:12 | Create | Villager (Male) |
| 3:01 | Create | Villager (Male) |
| 3:02 | Create | Villager (Male) |
| 3:36 | Build | Mill |
| 3:50 | Build | House |
| 3:52 | Create | Villager (Male) |
| 3:52 | Create | Villager (Male) |
| 4:37 | Create | Villager (Male) |
| 4:37 | Create | Villager (Male) |
| 5:25 | Create | Villager (Male) |
| 5:36 | Build | Lumber Camp |
| 5:40 | Create | Villager (Male) |
| 5:55 | Build | House |
| 6:00 | Create | Villager (Male) |
| 6:38 | Create | Villager (Male) |
| 7:01 | Create | Villager (Male) |
| 7:35 | Research | Feudal Age |
| 7:41 | Build | Lumber Camp |
| 8:28 | Build | Mining Camp |
| 8:50 | Create | Villager (Male) |
| 8:51 | Create | Villager (Male) |
| 9:24 | Build | Barracks |
| 9:47 | Age | Feudal Age |
| 10:18 | Build | Archery Range |
| 10:32 | Create | Villager (Male) |
| 10:52 | Build | House |
| 11:06 | Build | Blacksmith |
| 11:10 | Create | Villager (Male) |
| 11:12 | Create | Archer |
| 11:12 | Create | Archer |
| 11:39 | Create | Spearman |
| 11:49 | Create | Villager (Male) |
| 12:08 | Build | House |
| 12:16 | Build | Palisade Wall |
| 12:32 | Create | Archer |
| 12:33 | Create | Archer |
| 12:42 | Build | Farm |
| 12:46 | Build | Farm |
| 12:46 | Build | Farm |
| 13:00 | Create | Villager (Male) |
| 13:01 | Create | Villager (Male) |
| 13:07 | Research | Fletching |
| 13:41 | Build | Mining Camp |
| 13:51 | Create | Archer |
| 13:54 | Create | Villager (Male) |
| 13:54 | Create | Villager (Male) |
| 13:57 | Build | House |
| 14:12 | Create | Skirmisher |
| 14:13 | Create | Skirmisher |
| 14:24 | Build | Farm |
| 14:27 | Build | Farm |
| 14:29 | Build | Farm |
| 14:30 | Build | Farm |
| 14:30 | Build | Farm |
| 14:30 | Build | Farm |
| 14:36 | Build | Farm |
| 14:41 | Create | Villager (Male) |
| 14:45 | Build | Farm |
| 15:15 | Create | Skirmisher |
| 15:35 | Create | Villager (Male) |
| 15:41 | Build | Farm |
| 15:41 | Build | Farm |
| 15:41 | Build | Farm |
| 15:41 | Build | Farm |
| 15:45 | Build | House |
| 16:04 | Build | Archery Range |
| 16:14 | Create | Villager (Male) |
| 16:14 | Create | Villager (Male) |
| 16:15 | Create | Villager (Male) |
| 16:20 | Build | Farm |
| 16:20 | Build | Farm |
| 16:21 | Build | Farm |
| 16:21 | Build | Farm |
| 16:30 | Build | House |
| 16:38 | Build | House |
| 16:51 | Create | Skirmisher |
| 16:52 | Create | Skirmisher |
| 16:52 | Create | Skirmisher |
| 17:03 | Create | Skirmisher |
| 17:09 | Create | Skirmisher |
| 17:09 | Create | Skirmisher |
| 17:22 | Create | Skirmisher |
| 17:24 | Create | Skirmisher |
| 17:31 | Create | Villager (Male) |
| 17:31 | Create | Villager (Male) |
| 17:38 | Build | Farm |
| 17:38 | Build | Farm |
| 18:02 | Create | Skirmisher |
| 18:03 | Create | Skirmisher |
| 19:17 | Build | Watch Tower |
| 19:36 | Create | Villager (Male) |
| 19:36 | Create | Villager (Male) |
| 19:36 | Create | Villager (Male) |
| 19:40 | Build | House |
| 19:42 | Build | House |
| 20:22 | Build | Watch Tower |
| 20:30 | Create | Villager (Male) |
| 20:30 | Create | Villager (Male) |
| 21:03 | Create | Villager (Male) |
| 21:07 | Build | Farm |
| 21:08 | Build | Farm |
| 21:08 | Build | Farm |
| 21:16 | Create | Villager (Male) |
| 21:16 | Create | Villager (Male) |
| 21:21 | Research | Castle Age |
| 22:08 | Create | Skirmisher ×5 |
| 22:38 | Build | Watch Tower |
| 23:03 | Create | Skirmisher |
| 23:04 | Create | Skirmisher |
| 23:27 | Research | Double-Bit Axe |
| 23:31 | Research | Gold Mining |
| 23:47 | Build | Archery Range |
| 24:06 | Age | Castle Age |
| 24:16 | Create | Spearman ×5 |
| 24:22 | Build | Siege Workshop |
| 25:29 | Create | Battering Ram |
| 25:37 | Build | House |
| 25:39 | Build | House |
| 25:43 | Research | Pikeman (upgrade) |
| 25:48 | Build | House |
| 25:49 | Build | House |
| 25:51 | Build | House |
| 25:53 | Build | House |
| 26:05 | Research | Bow Saw |
| 26:31 | Create | Villager (Male) ×5 |
| 26:42 | Research | Gold Shaft Mining |
| 26:57 | Create | Spearman ×5 |
| 27:16 | Create | Battering Ram |
| 27:20 | Create | Spearman |
| 27:20 | Create | Spearman |
| 27:44 | Research | Forging |
| 27:46 | Research | Scale Mail Armor |
| 27:47 | Research | Bodkin Arrow |
| 27:53 | Research | Squires |
| 28:03 | Build | Barracks |
| 28:09 | Create | Villager (Male) |
| 28:10 | Create | Villager (Male) |
| 28:21 | Create | Spearman ×5 |
| 28:43 | Create | Battering Ram |
| 28:49 | Create | Villager (Male) |
| 28:49 | Create | Villager (Male) |
Build order — OhRey
First 150 of 404 actions detected
| 0:00 | Create | Villager (Male) |
| 0:00 | Create | Villager (Male) |
| 0:01 | Create | Villager (Male) |
| 0:01 | Create | Villager (Male) |
| 0:02 | Build | House |
| 0:03 | Build | House |
| 1:19 | Create | Villager (Male) |
| 1:36 | Create | Villager (Male) |
| 1:36 | Create | Villager (Male) |
| 1:50 | Build | Lumber Camp |
| 1:52 | Create | Villager (Male) |
| 2:24 | Create | Villager (Male) |
| 3:01 | Create | Villager (Male) |
| 3:12 | Create | Villager (Male) |
| 3:38 | Create | Villager (Male) |
| 3:50 | Build | House |
| 4:08 | Create | Villager (Male) |
| 4:41 | Build | House |
| 4:46 | Build | Mill |
| 4:58 | Create | Villager (Male) |
| 4:59 | Create | Villager (Male) |
| 5:10 | Build | House |
| 5:46 | Build | Palisade Wall |
| 5:56 | Create | Villager (Male) |
| 5:59 | Create | Villager (Male) |
| 5:59 | Create | Villager (Male) |
| 6:00 | Create | Villager (Male) |
| 6:00 | Create | Villager (Male) |
| 6:27 | Build | Palisade Wall |
| 6:36 | Research | Loom |
| 7:03 | Build | Barracks |
| 7:49 | Build | Mining Camp |
| 8:28 | Build | Palisade Wall |
| 8:33 | Build | House |
| 8:51 | Research | Feudal Age |
| 9:12 | Build | Palisade Wall |
| 9:36 | Create | Militia |
| 10:04 | Create | Militia |
| 10:23 | Build | House |
| 10:30 | Create | Militia |
| 11:01 | Age | Feudal Age |
| 11:03 | Create | Villager (Male) |
| 11:06 | Build | Archery Range |
| 11:38 | Create | Villager (Male) |
| 11:49 | Research | Double-Bit Axe |
| 12:05 | Build | House |
| 12:07 | Create | Archer |
| 12:07 | Create | Archer |
| 12:29 | Create | Villager (Male) |
| 12:34 | Create | Skirmisher |
| 12:41 | Build | House |
| 12:42 | Build | House |
| 12:45 | Build | House |
| 12:54 | Build | Blacksmith |
| 12:57 | Build | House |
| 12:58 | Create | Villager (Male) |
| 12:58 | Create | Villager (Male) |
| 13:01 | Build | Farm |
| 13:46 | Create | Skirmisher |
| 13:46 | Create | Skirmisher |
| 13:46 | Create | Villager (Male) |
| 13:52 | Build | Farm |
| 13:53 | Create | Villager (Male) |
| 14:11 | Build | Farm |
| 14:13 | Build | Farm |
| 14:16 | Research | Fletching |
| 14:18 | Build | House |
| 14:24 | Create | Skirmisher |
| 14:35 | Build | Farm |
| 14:48 | Build | Farm |
| 14:49 | Build | Farm |
| 14:55 | Build | Farm |
| 15:02 | Build | Farm |
| 15:06 | Build | Farm |
| 15:16 | Create | Militia |
| 15:32 | Create | Archer |
| 15:38 | Build | Palisade Wall |
| 15:40 | Create | Villager (Male) |
| 15:40 | Create | Villager (Male) |
| 15:45 | Build | Farm |
| 15:45 | Build | Farm |
| 15:59 | Create | Skirmisher |
| 16:02 | Create | Spearman |
| 16:03 | Create | Villager (Male) |
| 16:08 | Build | Farm |
| 16:09 | Build | Farm |
| 16:12 | Build | Farm |
| 16:14 | Create | Villager (Male) |
| 16:14 | Create | Villager (Male) |
| 16:31 | Create | Skirmisher |
| 16:32 | Create | Villager (Male) |
| 16:33 | Create | Villager (Male) |
| 17:11 | Create | Villager (Male) |
| 17:25 | Build | Palisade Wall |
| 17:27 | Create | Villager (Male) |
| 17:27 | Create | Villager (Male) |
| 17:29 | Create | Archer |
| 17:40 | Create | Villager (Male) |
| 18:08 | Research | Padded Archer Armor |
| 18:32 | Create | Skirmisher |
| 18:33 | Create | Skirmisher |
| 19:24 | Create | Skirmisher |
| 19:24 | Create | Skirmisher |
| 19:24 | Create | Skirmisher |
| 19:37 | Research | Castle Age |
| 20:06 | Create | Skirmisher |
| 20:06 | Create | Skirmisher |
| 20:15 | Build | Mining Camp |
| 20:19 | Research | Stone Mining |
| 20:40 | Build | Watch Tower |
| 21:46 | Create | Skirmisher |
| 21:46 | Create | Skirmisher |
| 22:17 | Age | Castle Age |
| 22:23 | Build | Siege Workshop |
| 22:31 | Build | Town Center |
| 22:33 | Create | Villager (Male) |
| 22:34 | Create | Villager (Male) |
| 23:07 | Create | Mangonel |
| 23:12 | Create | Villager (Male) |
| 23:12 | Create | Villager (Male) |
| 23:29 | Research | Scale Mail Armor |
| 23:31 | Create | Villager (Male) |
| 23:34 | Research | Wheelbarrow |
| 24:02 | Create | Mangonel |
| 24:02 | Create | Villager (Male) |
| 25:04 | Create | Villager (Male) |
| 25:04 | Create | Villager (Male) |
| 25:05 | Create | Villager (Male) |
| 25:06 | Create | Villager (Male) |
| 25:23 | Build | Castle |
| 25:30 | Create | Villager (Male) |
| 25:51 | Create | Villager (Male) |
| 25:52 | Create | Villager (Male) |
| 26:02 | Research | Forging |
| 26:20 | Build | Farm |
| 26:20 | Build | Farm |
| 26:50 | Build | Farm |
| 27:06 | Build | Farm |
| 27:08 | Create | Villager (Male) |
| 27:10 | Create | Villager (Male) |
| 27:14 | Create | Ghulam ×5 |
| 27:14 | Create | Ghulam ×3 |
| 27:18 | Build | Farm |
| 27:29 | Research | Gold Mining |
| 27:39 | Build | Farm |
| 27:51 | Create | Villager (Male) |
| 27:54 | Create | Villager (Male) |
| 28:03 | Build | Farm |
| 28:04 | Build | Farm |
| 28:07 | Build | Farm |
Match timeline
| 5:46 | OhRey · wall_segment Palisade Wall x4 |
| 6:27 | OhRey · wall_segment Palisade Wall x14 |
| 7:03 | OhRey · first_building Barracks |
| 8:28 | OhRey · wall_segment Palisade Wall x9 |
| 9:12 | OhRey · wall_segment Palisade Wall x7 |
| 9:24 | Disagri · first_building Barracks |
| 9:47 | Disagri · age_up feudal |
| 10:18 | Disagri · first_building Archery Range |
| 11:01 | OhRey · age_up feudal |
| 11:06 | OhRey · first_building Archery Range |
| 12:16 | Disagri · wall_segment Palisade Wall x1 |
| 15:38 | OhRey · wall_segment Palisade Wall x6 |
| 17:25 | OhRey · wall_segment Palisade Wall x11 |
| 22:17 | OhRey · age_up castle |
| 22:23 | OhRey · first_building Siege Workshop |
| 24:06 | Disagri · age_up castle |
| 24:22 | Disagri · first_building Siege Workshop |
| 25:23 | OhRey · first_building Castle |
| 30:16 | OhRey · first_market_buy 100 food |
| 35:40 | OhRey · first_building Stable |
| 38:24 | OhRey · first_market_sell 100 wood |
| 40:39 | Disagri · age_up imperial |
| 42:11 | Disagri · first_building Castle |
| 44:01 | OhRey · age_up imperial |
| 46:17 | Disagri · resign |
[ AI ANALYSIS · 1 CREDIT ]
What really happened in this match?
Wolo.gg analyzes every decision: build order, eco, micro, common mistakes by bracket. Personalized analysis on WhatsApp or Discord in 30 seconds.
Civ guide
Koreans
Perfil
Jugador #11686367